 Dungeon Crawl Stone Soup version 0.26-a0-844-g3dd439832f (webtiles) character file.

Game seed: 14681727107664977161

2512 jestyr24 the Covered (level 9, -2/69 HPs)
             Began as a Demonspawn Abyssal Knight on Nov 18, 2020.
             Was an Elder of Lugonu.
             Slain by an ettin (8 damage)
             ... on level 8 of the Dungeon.
             The game lasted 00:52:29 (7935 turns).

jestyr24 the Covered (Demonspawn Abyssal Knight)    Turns: 7935, Time: 00:52:30

Health: -2/69      AC: 13    Str: 11 (13) XL:     9   Next: 28%
Magic:  16/16      EV: 12    Int: 15 (16) God:    Lugonu [****..]
Gold:   9          SH:  0    Dex: 11 (13) Spells: 16/17 levels left

rFire    . . .     SeeInvis .     - Unarmed
rCold    . . .     Faith    .   (no shield)
rNeg     . . .     Spirit   .   o - +1 ring mail
rPois    .         Reflect  .   (no helmet)
rElec    .         Harm     .   (no cloak)
rCorr    .         Rampage  .   (no gloves)
MR       .....                  (no boots)
Stlth    +.........             i - amulet of regeneration
HPRegen  0.61/turn              e - +4 ring of protection
MPRegen  0.15/turn              v - ring of wizardry

@: lethally poisoned (-2 -> -3)
A: claws 2, demonic guardian 1, spiny 1, sharp scales 2
a: Depart the Abyss, Bend Space, Banish, Corrupt, Renounce Religion


You were on level 8 of the Dungeon.
You worshipped Lugonu.
Lugonu was greatly pleased with you.
You visited 1 branch of the dungeon, and saw 8 of its levels.
You visited the Abyss 1 time.

You collected 9 gold pieces.

Inventory:

Hand Weapons
 a - a +1 hand axe
Missiles
 g - 5 boomerangs (quivered)
 s - 6 javelins
 A - 28 poisoned darts
Armour
 o - a +1 ring mail (worn)
 E - a +0 leather armour of positive energy
Jewellery
 e - a +4 ring of protection (left claw)
 i - an amulet of regeneration (around neck)
 l - an uncursed ring of resist corrosion
 v - a ring of wizardry (right claw)
Wands
 b - a wand of polymorph (5)
Scrolls
 c - 2 scrolls of fear
 k - 7 scrolls of identify
 m - 2 scrolls of magic mapping
 n - a scroll of amnesia
 p - a scroll of random uselessness {unknown}
 t - 3 scrolls of teleportation
 u - a scroll of enchant armour
 w - a scroll of holy word {unknown}
 D - a scroll of enchant weapon {unknown}
Potions
 d - a potion of cancellation
 f - 2 potions of attraction {unknown}
 h - 6 potions of curing
 j - a potion of brilliance
 r - a potion of flight
 z - a potion of lignification


   Skills:
 * Level 5.9 Fighting
 - Level 2.2 Axes
 + Level 6.0 Armour
 + Level 4.4 Dodging
 - Level 1.7 Stealth
 + Level 3.7 Unarmed Combat
 * Level 4.6 Spellcasting
 * Level 3.3 Necromancy
 + Level 2.8 Invocations


You had 16 spell levels left.
You knew the following spells:

 Your Spells              Type           Power        Failure   Level
a - Animate Skeleton      Necr           ##....       3%          1

Your spell library contained the following spells:

 Spells                   Type           Power        Failure   Level
 Pain                     Necr           ##..         3%          1
 Vampiric Draining        Necr           ##........   11%         3
 Animate Dead             Necr           ##........   32%         4
 Agony                    Necr           ##......     65%         5


Dungeon Overview and Level Annotations

Branches:
Dungeon (8/15)             Temple (0/1) D:5
   Lair: D:8-11

Altars:
Cheibriados
Fedhas
Hepliaklqana
Kikubaaqudgha
Okawaru
Trog
Uskayaw
Wu Jian

Shops:
D:4 :*?[   D:7 *

Annotations:
D:8 Maurice


Innate Abilities, Weirdness & Mutations

You have very sharp fingernails.
A weak demonic guardian rushes to your aid.
You are partially covered in sharp spines.
You are mostly covered in razor-sharp scales. (AC +2, Slay +2)


Message History

The ettin hits you. The ettin barely misses you.
Your iron imp hits Maurice.
You claw the ettin!
The ettin is lightly wounded.
You feel sick.
Maurice casts a spell.
Maurice blinks!
The ettin is struck by your spines. The ettin barely misses you.
The ettin closely misses you.
You scratch the ettin but do no damage.
The ettin is lightly wounded.
Your iron imp barely misses the ettin.
The ettin is struck by your spines. The ettin hits you. The ettin hits you!!
Ouch! That really hurt!
* * * LOW HITPOINT WARNING * * *
You scratch the ettin.
The ettin is moderately wounded.
You feel sick.
Your iron imp hits the ettin!
You scratch the ettin.
The ettin is heavily wounded.
The ettin hits you!
You die...

#.#.#......#................#.#
#
......######..#########...#.#.#
# >....................
#...#.#.# #
......#######+######..#...#.#.#
# ...........(...# #.#####.#^#
# ..###.#####....# ..# #.#.# #
..# #.# #....# #.## #.#.### ..#
..#####.#(########..###.#.(..
..
...........55@C5..............
#
#.##############@.....###.#####
#. #...'............... #.
#.###.......##.<...#
#.#########.##.....# #.....#
#.##.....# #.....# #.##.....#
##.....# #..#.##### +......#
##.#.# #


You could see an ettin, Maurice, a friendly iron imp (summoned), a friendly
shadow imp (summoned) and a friendly ufetubus (summoned).

Vanquished Creatures
  A wyvern (D:8)
  A water moccasin (D:8)
  A sky beast (D:7)
  An ice beast (D:5)
  A black bear (D:7)
  7 centaurs
  An ogre (D:7)
  A bullfrog (D:6)
  A scorpion (D:7)
  A howler monkey (D:8)
  2 quasits
  A bullfrog zombie (D:8)
  3 hounds
  A jelly (D:7)
  An orc priest (D:7)
  A bullfrog skeleton (D:5)
  A gnoll shaman (D:4)
  2 centaur skeletons
  An iron imp (D:5)
  An iguana (D:4)
  6 worker ants
  2 orc wizards
  A hound zombie (D:7)
  2 hound skeletons (D:6)
  12 adders
  3 gnolls (D:4)
  3 shadow imps
  2 white imps
  An ufetubus (D:5)
  An ooze (D:7)
  2 adder skeletons (D:6)
  2 worms (D:4)
  A dart slug (D:5)
  2 leopard geckos (D:3)
  18 orcs
  10 bats
  11 giant cockroaches
  8 goblins
  3 hobgoblins
  6 jackals
  4 quokkas
  2 ball pythons
  4 frilled lizards
  6 kobolds
  A leopard gecko skeleton (D:6)
  A leopard gecko zombie (D:7)
  A quokka skeleton (D:5)
  8 rats
153 creatures vanquished.

Vanquished Creatures (collateral kills)
  A sky beast (D:6)
  An ice beast (D:5)
  A scorpion (D:4)
  2 howler monkeys
  A worker ant (D:4)
6 creatures vanquished.

Vanquished Creatures (others)
  A sky beast (D:6)
1 creature vanquished.

Grand Total: 160 creatures vanquished

Notes
Turn   | Place    | Note
-------+----------+-------------------------------------------
     0 | Abyss:1  | jestyr24 the Demonspawn Abyssal Knight began the quest for
                  | the Orb.
     0 | Abyss:1  | Reached XP level 1. HP: 18/18 MP: 2/2
    65 | Abyss:2  | Noticed a tentacled starspawn
    72 | Abyss:2  | Noticed a bone dragon
    75 | D:1      | Escaped the Abyss
   550 | D:1      | Reached * piety under Lugonu
   551 | D:1      | Gained mutation: You have sharp fingernails. [demonic
                  | ancestry]
   551 | D:1      | Reached XP level 2. HP: 24/24 MP: 4/4
   571 | D:1      | Reached skill level 1 in Dodging
  1144 | D:2      | Reached skill level 2 in Armour
  1410 | D:2      | Gained mutation: You are partially covered in sharp spines.
                  | [demonic ancestry]
  1410 | D:2      | Reached XP level 3. HP: 29/29 MP: 5/5
  2141 | D:3      | Gained mutation: A weak demonic guardian rushes to your
                  | aid. [demonic ancestry]
  2141 | D:3      | Reached XP level 4. HP: 35/35 MP: 6/6
  2523 | D:3      | Reached skill level 1 in Spellcasting
  2597 | D:3      | Reached skill level 1 in Unarmed Combat
  2602 | D:3      | Reached ** piety under Lugonu
  3129 | D:4      | Reached XP level 5. HP: 21/41 MP: 7/7
  3539 | D:4      | Found Joshem's Magic Scroll Boutique.
  3541 | D:4      | Found Qoas's Antique Armour Boutique.
  3545 | D:4      | Found Gokkeugi's Book Boutique.
  3545 | D:4      | Found Oleafub's General Store.
  3717 | D:4      | Gained mutation: You are partially covered in razor-sharp
                  | scales. (AC +1, Slay +1) [demonic ancestry]
  3717 | D:4      | Reached XP level 6. HP: 44/47 MP: 8/8
  4551 | D:4      | Reached skill level 3 in Armour
  4566 | D:5      | Entered Level 5 of the Dungeon
  4696 | D:5      | Found a staircase to the Ecumenical Temple.
  4771 | D:5      | Gained mutation: You are mostly covered in razor-sharp
                  | scales. (AC +2, Slay +2) [demonic ancestry]
  4771 | D:5      | Reached XP level 7. HP: 38/54 MP: 10/10
  4911 | D:5      | Found a snail-covered altar of Cheibriados.
  4920 | D:5      | Reached skill level 1 in Stealth
  5004 | D:5      | Reached skill level 4 in Armour
  5135 | D:5      | Reached *** piety under Lugonu
  5262 | D:5      | Found an ancient bone altar of Kikubaaqudgha.
  5643 | D:6      | Reached XP level 8. HP: 52/61 MP: 13/13
  5653 | D:6      | Found a blossoming altar of Fedhas.
  5660 | D:6      | Found a hide-covered altar of Uskayaw.
  5660 | D:6      | Found a bloodstained altar of Trog.
  5671 | D:6      | Found an ornate altar of the Wu Jian Council.
  5742 | D:6      | Learned a level 1 spell: Animate Skeleton
  5794 | D:6      | Found a hazy altar of Hepliaklqana.
  6050 | D:6      | Found an iron altar of Okawaru.
  6082 | D:6      | Reached skill level 5 in Fighting
  6082 | D:6      | Reached skill level 1 in Necromancy
  6506 | D:7      | Reached skill level 5 in Armour
  6568 | D:7      | You fall into a shaft and drop 1 floor!
  6668 | D:8      | Noticed a four-headed hydra
  6873 | D:7      | Reached **** piety under Lugonu
  6891 | D:7      | Gained mutation: You have very sharp fingernails. [demonic
                  | ancestry]
  6891 | D:7      | Reached XP level 9. HP: 69/69 MP: 15/15
  7162 | D:7      | Found Zoithehi's Assorted Antiques.
  7530 | D:8      | Reached skill level 6 in Armour
  7829 | D:8      | Noticed Maurice
  7831 | D:8      | Paralysed by Maurice for 4 turns
  7843 | D:8      | Paralysed by Maurice for 5 turns
  7931 | D:8      | Noticed an ettin
  7931 | D:8      | a four-headed hydra changed into an ettin
  7935 | D:8      | Slain by an ettin

Illustrated notes

Levels and vault maps discovered:
D:1:      zelgadis_glass_arrival_small, layout_rooms, serial_co_window_serial,
          co_window_paths_b, co_window_corner_a, co_window_corner_a,
          co_window_of_opportunity_a, co_window_of_opportunity_a,
          co_window_corner_a, co_window_paths_b, co_window_2corner,
          co_window_corner_b, co_window_2corner, co_window_corner_cb,
          co_window_broadway_a, co_window_2corner, co_window_corner_ca,
          glass_columns_a, glass_columns_a, glass_columns_b, glass_columns_a
D:2:      layout_loops_cross
D:3:      layout_loops_corners
D:4:      layout_basic, minmay_shop_grid_forest, minmay_circle_x
D:5:      layout_basic, slow_altar_2, temple_statues, basic_altar
D:6:      layout_gridville, minmay_overflow_temple_star_hex, old_standard_altar
D:7:      layout_loops_cross, serial_shops, shop, minmay_misc_feat_enclosed,
          minmay_increasing_density
D:8:      layout_basic, kennysheep_mini_moat, uniq_maggie, uniq_maurice

Skill      XL: |  1  2  3  4  5  6  7  8  9 |
---------------+----------------------------+-----
Dodging        | 1 2 4 |  4.4
Axes           | 2 |  2.2
Armour         | 2 3 4 5 6 |  6.0
Spellcasting   | 1 2 3 4 |  4.6
Unarmed Combat | 1 2 3 |  3.7
Fighting       | 4 5 |  5.9
Stealth        | 1 |  1.7
Necromancy     | 2 3 |  3.3
Invocations    | |  2.8

Action                   |  1- 3 |  4- 6 |  7- 9 || total
-------------------------+-------+-------+-------++-------
Melee: Hand axe          |    81 |       |       ||    81
       Unarmed           |    34 |   179 |   255 ||   468
       Punch             |       |     1 |     3 ||     4
 Cast: Animate Skeleton  |       |       |     1 ||     1
Invok: Depart the Abyss  |     1 |       |       ||     1
Evoke: Wand              |       |       |     3 ||     3
  Use: Scroll            |       |    10 |     2 ||    12
       Potion            |       |     3 |     4 ||     7
 Stab: Sleeping          |     1 |       |       ||     1
       Distracted        |       |       |     1 ||     1
Armor: Leather armour    |    66 |     5 |       ||    71
       Ring mail         |       |    66 |   121 ||   187
Dodge: Dodged            |    68 |    96 |   134 ||   298

Table legend: (Time is in decaauts)
 A = Elapsed time spent in this place.
 B = Non-inter-level travel time spent in this place.
 C = Inter-level travel time spent in this place.
 D = Time resting spent in this place.
 E = Time spent auto-exploring this place.
 F = Levels seen in this place.
 G = Mean time per level.
                   A        B        C        D        E       F      G
               +--------+--------+--------+--------+--------+-----+--------+
         Total |   7905 |   7689 |    216 |   1300 |   3748 |  10 |  790.5 |
       Dungeon |   7830 |   7614 |    216 |   1300 |   3737 |   8 |  978.8 |
         Abyss |     74 |     74 |      0 |      0 |     11 |   2 |   37.0 |
               +--------+--------+--------+--------+--------+-----+--------+

Top non-repeatable levels by time:
     D:4: 1428 daAuts
     D:3: 1056 daAuts
     D:1: 1003 daAuts
     D:2: 991 daAuts
     D:6: 987 daAuts
     D:5: 892 daAuts
     D:7: 852 daAuts
     D:8: 618 daAuts
 Abyss:1: 55 daAuts
 Abyss:2: 19 daAuts
